AoeStats
← kaifanestro

Socotra

503041415Analyzed
3v3 RM · 1mo ago on Aug 30, 2026· 28m 33s· 6 players
Game mode
Random Map
Map size
128×128
Population
200
Speed
Normal
Resources
Standard
Victory
Standard
Starting age
Dark Age
Ending age
Dark Age
RankedLock teamsTeams togetherTeam positionsShared explorationLock speedFull tech treeHidden civsTurbo modeCheats
Victory
Defeat
🇦🇷 Vietnamese · Argentina
1353
+6
🇨🇱 Bulgarians · Chile
1268
+9
🇨🇱 Magyars · Chile
1180
+13
🇵🇪 Georgians · Peru
1294
-17
🇵🇪 Mongols · Peru
1142
-10
🇵🇪 Poles · Peru
901
-3
Chanchoman21
3:11 Loom
13:01 Feudal Age
16:49 Double-Bit Axe
20:50 Fletching
25:37 Castle Age
23:47 Horse Collar
25:06 Forging
25:25 Arson
25:44 Scale Mail Armor
27:07 Bow Saw
27:29 Bodkin Arrow
jpezpuma
0:28 Loom
12:13 Feudal Age
13:08 Double-Bit Axe
21:52 Castle Age
20:47 Scale Barding Armor
22:38 Husbandry
27:24 Chain Barding Armor
Wolf
6:17 Loom
10:48 Feudal Age
15:29 Wheelbarrow
18:43 Fletching
20:42 Padded Archer Armor
20:40 Double-Bit Axe
25:07 Castle Age
24:46 Gold Mining
25:26 Crossbowman
26:21 Bodkin Arrow
26:46 Leather Archer Armor
27:33 Bow Saw
27:47 Thumb Ring
RafaelKubo
3:37 Loom
13:05 Feudal Age
13:42 Double-Bit Axe
13:43 Horse Collar
16:25 Bloodlines
18:40 Fletching
21:35 Padded Archer Armor
22:16 Town Watch
27:40 Castle Age
26:41 Scale Barding Armor
27:42 Light Cavalry
28:22 Husbandry
Hitokirivan
6:53 Loom
13:54 Feudal Age
14:36 Double-Bit Axe
14:40 Town Watch
23:46 Fletching
23:58 Padded Archer Armor
28:06 Bloodlines
kaifanestro
9:23 Loom
11:48 Feudal Age
12:18 Double-Bit Axe
13:04 Horse Collar
14:26 Wheelbarrow
29:46 Castle Age
Connection lost

Rejoining the realm…

Still unreachable

The connection could not be restored.

Session expired

The server has moved on; the page needs a fresh start.